 Dungeon Crawl Stone Soup version 0.18-a0-824-g47fe746 (webtiles) character file.

2491 deanyohobro the Cleaver (level 9, -3/71 HPs)
             Began as a Minotaur Berserker on Dec 17, 2015.
             Was an Elder of Trog.
             Slain by a killer bee (8 damage)
             ... on level 7 of the Dungeon.
             The game lasted 00:19:50 (6403 turns).

deanyohobro the Cleaver (Minotaur Berserker)        Turns: 6403, Time: 00:19:52

Health: -3/71      AC:  7    Str: 24    XL:     9   Next: 27%
Magic:  8/8        EV: 14    Int:  4    God:    Trog [****..]
Gold:   266        SH:  0    Dex: 13    Spells: 0 memorised, 8 levels left

rFire  . . .     SeeInvis +     L - +1 battleaxe
rCold  . . .     Gourm    .     E - +1 leather armour "Sotuqec" {Dex+2 SInv} (curse)
rNeg   + . .     Faith    .     (shield currently unavailable)
rPois  .         Spirit   .     (helmet restricted)
rElec  .         Dismiss  .     (no cloak)
rCorr  .         Reflect  .     (no gloves)
SustAt .         Harm     .     (no boots)
MR     ++...                    (no amulet)
Stlth  +.........               b - ring of positive energy
                                J - +3 ring of protection

@: lethally poisoned (-3 -> -5), regenerating, very resistant to hostile
enchantments, very unstealthy
A: retaliatory headbutt, horns 2
a: Berserk, Trog's Hand, Brothers in Arms, Burn Spellbooks, Renounce Religion


You were on level 7 of the Dungeon.
You worshipped Trog.
Trog was greatly pleased with you.
You were near starving.

You visited 1 branch of the dungeon, and saw 7 of its levels.

You collected 357 gold pieces.
You spent 91 gold pieces at shops.

Inventory:

Hand Weapons
 o - the +1 spear "Hiajigum" {holy, rF+ Str+4}
   (You took it off a centaur on level 7 of the Dungeon)

   It has been blessed by the Shining One to cause great damage to the undead
   and demons.
   It affects your strength (+4).
   It protects you from fire.
 C - a +0 flail of protection
 L - a +1 battleaxe (weapon)
Armour
 E - the cursed +1 leather armour "Sotuqec" (worn) {Dex+2 SInv}
   (You found it on level 5 of the Dungeon)

   It affects your dexterity (+2).
   It lets you see invisible.
   It has a curse placed upon it.
Jewellery
 b - a ring of positive energy (right hand)
 d - an uncursed ring of ice
 y - an uncursed ring of fire
 H - an uncursed ring of poison resistance
 J - a +3 ring of protection (left hand)
Scrolls
 a - 5 scrolls of teleportation
 e - 3 scrolls of noise
 f - a scroll of amnesia {unknown}
 h - a scroll of magic mapping
 k - 2 scrolls of fog
 l - 3 scrolls of remove curse
 p - 6 scrolls of identify
 s - 4 scrolls of enchant weapon
 u - a scroll of fear {unknown}
 z - a scroll of blinking {unknown}
 A - a scroll of immolation {unknown}
 D - a scroll of random uselessness {unknown}
Potions
 g - 2 potions of haste {unknown}
 i - 2 potions of might {unknown}
 m - 3 potions of curing {unknown}
 q - 3 potions of poison {unknown}
 v - a potion of flight {unknown}
 x - 2 potions of heal wounds {unknown}
 B - 3 potions of agility
 K - a potion of invisibility {unknown}
Comestibles
 c - 3 bread rations
 j - a slice of pizza
 n - 2 fruits
 r - 3 beef jerkies
 t - 3 meat rations


   Skills:
 + Level 4.2 Fighting
 * Level 12.4(12.7) Axes
 - Level 3.6(8.9) Maces & Flails
 - Level 2.6(8.6) Polearms
 + Level 5.4 Armour
 + Level 4.7 Dodging


You had 8 spell levels left.
You didn't know any spells.

Dungeon Overview and Level Annotations

Branches:
Dungeon (7/15)             Temple (0/1) D:4

Altars:
Ashenzari
Dithmenos
Elyvilon
Fedhas
Nemelex Xobeh
Okawaru
Ru
Trog
Yredelemnul

Shops:
D:4 ?   D:5 %


Innate Abilities, Weirdness & Mutations

You reflexively headbutt those who attack you in melee.
You have a pair of horns on your head.


Message History

The killer bee stings you but does no damage.
The killer bee stings you.
* * * LOW HITPOINT WARNING * * *
The killer bee stings you.
* * * LOW HITPOINT WARNING * * *
You are more poisoned.
The killer bee poisons you!
Your skin crawls.
You feel resistant to hostile enchantments.
You feel slightly more hungry.
You feel sick.
The killer bee stings you but does no damage.
The killer bee stings you.
* * * LOW HITPOINT WARNING * * *
The killer bee stings you.
* * * LOW HITPOINT WARNING * * *
You are more poisoned.
The killer bee poisons you! The killer bee stings you.
* * * LOW HITPOINT WARNING * * *
The killer bee stings you!
You die...

#.........#.....#
#.........#.....# ..###
#.........'.....# .....
#.........#.....# ...P.P
#.........###..## ...._.
.......#+#####+###...P.P
.......'................
.......#........yy...... #....
.......#........@y...... #....
.......#.......)........ #....
.......#.(((((.......... #....
.......#.#########...####+###....
.....###.####...######...........
.....#...............#...........
.....'...............#...........
.....#...............#...........
.....#########'#######...........


You could see 3 killer bees.

Vanquished Creatures
  Sigmund (D:5)
  The ghost of nublet the Shield-Bearer, an amateur HOFi (D:4)
  Eustachio (D:5)
  Edmund (D:5)
  Duvessa (D:4)
  2 eyes of draining (D:5)
  2 ice beasts (D:7)
  An ogre (D:6)
  4 centaurs (D:7)
  A giant frog (D:6)
  A wyvern zombie (D:6)
  Dowan (D:4)
  A scorpion (D:5)
  3 killer bees (D:7)
  2 crimson imps
  2 hounds
  A centaur zombie (D:4)
  A jelly (D:7)
  A giant frog zombie (D:7)
  An iguana (D:6)
  2 orc priests
  Crazy Yiuf (D:6)
  Terence (D:3)
  2 orc wizards
  2 worker ants
  The ghost of patman the Cudgeler, a weakling KoBe of Trog (D:3)
  2 hound skeletons
  A gnoll (D:5)
  9 adders
  2 shadow imps
  2 oozes
  2 adder skeletons
  A worm (D:3)
  4 giant geckos
  21 orcs
  9 bats
  4 giant cockroaches
  8 hobgoblins
  2 jackals (D:6)
  12 kobolds
  A quokka (D:3)
  6 giant newts
  8 goblins
  A quokka skeleton (D:5)
  7 rats
140 creatures vanquished.

Notes
Turn   | Place    | Note
--------------------------------------------------------------
     0 | D:1      | deanyohobro the Minotaur Berserker began the quest for the Orb.
     0 | D:1      | Reached XP level 1. HP: 19/19 MP: 0/0
   181 | D:1      | Reached XP level 2. HP: 23/26 MP: 1/1
   841 | D:2      | Reached XP level 3. HP: 28/31 MP: 2/2
   864 | D:2      | Reached ** piety under Trog
  1132 | D:2      | Reached skill level 4 in Armour
  1344 | D:2      | Found an iron altar of Okawaru.
  1806 | D:2      | Reached XP level 4. HP: 37/39 MP: 3/3
  1905 | D:3      | Noticed patman's ghost (weakling KoBe)
  1915 | D:3      | Killed patman's ghost
  2181 | D:3      | Found a white marble altar of Elyvilon.
  2220 | D:3      | Noticed Terence
  2224 | D:3      | Killed Terence
  2231 | D:3      | Found a shattered altar of Ashenzari.
  2263 | D:3      | Reached skill level 5 in Armour
  2263 | D:3      | Reached XP level 5. HP: 41/45 MP: 4/4
  2269 | D:3      | Reached *** piety under Trog
  2410 | D:3      | Reached skill level 1 in Axes
  3040 | D:4      | Noticed nublet's ghost (amateur HOFi)
  3054 | D:4      | Killed nublet's ghost
  3054 | D:4      | Reached XP level 6. HP: 51/51 MP: 5/5
  3071 | D:4      | Noticed Dowan
  3094 | D:4      | Found Raurr's Magic Scroll Boutique.
  3095 | D:4      | Found a blossoming altar of Fedhas.
  3096 | D:4      | Noticed Duvessa
  3100 | D:4      | Killed Dowan
  3100 | D:4      | Reached skill level 5 in Axes
  3107 | D:4      | Killed Duvessa
  3107 | D:4      | Reached skill level 6 in Axes
  3122 | D:4      | Reached XP level 7. HP: 26/57 MP: 6/6
  3313 | D:4      | Bought a scroll of remove curse for 39 gold pieces
  3313 | D:4      | Bought a scroll of identify for 26 gold pieces
  3313 | D:4      | Bought a scroll of identify for 26 gold pieces
  3628 | D:4      | Found a staircase to the Ecumenical Temple.
  3979 | D:5      | Entered Level 5 of the Dungeon
  4032 | D:5      | Noticed Eustachio
  4044 | D:5      | Killed Eustachio
  4044 | D:5      | Reached skill level 7 in Axes
  4154 | D:5      | Found Nieth's Food Shoppe.
  4158 | D:5      | Noticed Edmund
  4180 | D:5      | Killed Edmund
  4180 | D:5      | Reached skill level 8 in Axes
  4291 | D:5      | Got a crude leather armour
  4302 | D:5      | Identified the cursed +1 leather armour "Sotuqec" {Dex+2 SInv} (You found it on level 5 of the Dungeon)
  4433 | D:5      | Found a bloodstained altar of Trog.
  4433 | D:5      | Noticed Sigmund
  4438 | D:5      | Killed Sigmund
  4438 | D:5      | Reached skill level 9 in Axes
  4438 | D:5      | Reached XP level 8. HP: 64/64 MP: 0/7
  4446 | D:5      | Reached skill level 10 in Axes
  4880 | D:6      | Found a sacrificial altar of Ru.
  4889 | D:6      | Found a shadowy altar of Dithmenos.
  4981 | D:6      | Noticed Crazy Yiuf
  4986 | D:6      | Killed Crazy Yiuf
  5029 | D:6      | Reached **** piety under Trog
  5162 | D:6      | Found a sparkling altar of Nemelex Xobeh.
  5172 | D:6      | Reached skill level 11 in Axes
  5182 | D:6      | Found a shadowy altar of Dithmenos.
  5833 | D:7      | Reached skill level 12 in Axes
  5873 | D:7      | Got an uncursed smoking spear {holy}
  5876 | D:7      | Identified the +1 spear "Hiajigum" {holy, rF+ Str+4} (You took it off a centaur on level 7 of the Dungeon)
  5897 | D:7      | Reached skill level 1 in Polearms
  5897 | D:7      | Reached XP level 9. HP: 68/70 MP: 8/8
  5914 | D:7      | HP: 2/70 [centaur/arrow (3)]
  6192 | D:7      | Found a blossoming altar of Fedhas.
  6396 | D:7      | Found a basalt altar of Yredelemnul.
  6403 | D:7      | Slain by a killer bee

Vault maps used:
D:1:      tarquinn_simple_flora_water_f, st_stairs_11
D:2:      okawaru_metal_pillars_1_2
D:3:      old_standard_altar, nicolae_overflow_hidden_temple, uniq_terence
D:4:      overflow_temple_1_default, temple_green, serial_shops,
          nicolae_shop_crystal, hangedman_decor_growths, uniq_duvessa
D:5:      trog_eyes_of_draining, first_bread, serial_shops, shop, uniq_sigmund,
          uniq_edmund, uniq_eustachio
D:6:      lemuel_crystal_altar, grunt_temple_overflow_open,
          nicolae_dithmenos_the_darkroom, uniq_crazy_yiuf_cottage
D:7:      yredelemnul_altar_generic, lemuel_crystal_altar, basic_altar

Action                   |  1- 3 |  4- 6 |  7- 9 || total
-------------------------+-------+-------+-------++-------
Melee: Mace              |    65 |       |       ||    65
       Short sword       |    13 |    51 |       ||    64
       Hand axe          |       |    54 |   132 ||   186
       Battleaxe         |       |       |    43 ||    43
       Spear             |       |       |    11 ||    11
Invok: Berserk           |       |     4 |     5 ||     9
       Trog's Hand       |       |     1 |     2 ||     3
  Use: Scroll            |       |     6 |     5 ||    11
 Stab: Sleeping          |     2 |       |       ||     2
  Eat: Chunk             |     2 |     5 |    11 ||    18
       Beef jerky        |       |     1 |       ||     1
       Bread ration      |       |     1 |       ||     1
       Fruit             |       |     1 |       ||     1
